 Dungeon Crawl Stone Soup version 0.18-a0-1293-g5a2c81a (webtiles) character file.

113839 Gagarin the Severer (level 16, -5/150 HPs)
             Began as a Minotaur Fighter on Feb 10, 2016.
             Was the Champion of Trog.
             Slain by a spark wasp (16 damage)
             ... on level 4 of the Spider Nest.
             The game lasted 02:21:32 (24546 turns).

Gagarin the Severer (Minotaur Fighter)             Turns: 24546, Time: 02:21:32

Health: -5/150     AC: 24    Str: 23    XL:     16   Next: 15%
Magic:  3/5        EV: 11    Int:  5    God:    Trog [******]
Gold:   1371       SH: 20    Dex: 12    Spells: 0 memorised, 15 levels left

rFire  . . .     SeeInvis +     v - +4 broad axe (antimagic)
rCold  + + .     Gourm    .     a - +6 chain mail of Ymmeul {+Blink Regen+ Int-3}
rNeg   . . .     Faith    .     N - +0 large shield
rPois  +         Spirit   .     (helmet unavailable)
rElec  .         Dismiss  .     E - +0 cloak
rCorr  .         Reflect  .     R - +1 pair of gloves
SustAt .         Harm     .     i - +0 pair of boots
MR     +++..     Clarity  +     (no amulet)
Stlth  ..........               S - ring "Duqiffai" {rPois rC+}
                                p - ring "Ysien" {+Fly rC+ SInv Stlth-}

@: lethally poisoned (-5 -> -6), exhausted, about to teleport, regenerating,
slowed, very slow, extremely resistant to hostile enchantments, extremely
unstealthy
A: retaliatory headbutt, horns 3, clarity
a: Berserk, Trog's Hand, Brothers in Arms, Burn Spellbooks, Renounce Religion,
Evoke Blink, Evoke Flight


You were on level 4 of the Spider Nest.
You worshipped Trog.
Trog was exalted by your worship.
You were hungry.

You visited 3 branches of the dungeon, and saw 22 of its levels.
You also visited: Labyrinth, Ossuary and Bailey.

You collected 1690 gold pieces.
You spent 319 gold pieces at shops.

Inventory:

Hand Weapons
 j - a +2 antimagic executioner's axe
 v - a +4 antimagic broad axe (weapon)
 x - a +1 greatsling of freezing
 A - a +4 broad axe of freezing
 W - a +2 hunting sling of flaming
 Z - a +3 flail of freezing
Missiles
 h - 36 sling bullets
 T - 37 tomahawks of returning (quivered)
Armour
 a - the +6 chain mail of Ymmeul (worn) {+Blink Regen+ Int-3}
   (You found it on level 9 of the Dungeon)

   It affects your intelligence (-3).
   It lets you blink.
   It increases your rate of regeneration.
 c - a +0 shield
 i - a +0 pair of boots (worn)
 E - a +0 cloak (worn)
 N - a +0 large shield (worn)
 R - a +1 pair of gloves (worn)
Rods
 w - a +6 iron rod (13/13)
   (You found it in a labyrinth)
Jewellery
 b - a +4 ring of strength
 o - a +3 ring of slaying
 p - the ring "Ysien" (left hand) {+Fly rC+ SInv Stlth-}
   (You took it off a minotaur in a labyrinth)

   [ring of loudness]

   It protects you from cold.
   It lets you see invisible.
   It lets you fly.
   It makes you less stealthy.
 P - an uncursed ring of positive energy
 S - the ring "Duqiffai" (right hand) {rPois rC+}
   (You found it on level 8 of the Lair of Beasts)

   [ring of poison resistance]

   It protects you from cold.
   It protects you from poison.
Wands
 q - a wand of lightning (13/15)
 y - a wand of flame (20/48)
 z - a wand of paralysis (15/24)
 L - a wand of digging (13/24)
 U - a wand of disintegration (7/24)
 X - a wand of flame (19/48)
Scrolls
 g - 7 scrolls of identify
 k - 10 scrolls of remove curse
 m - 4 scrolls of fog
 r - a scroll of silence {unknown}
 t - a scroll of magic mapping
 u - 4 scrolls of immolation
 C - a scroll of summoning {unknown}
 D - a scroll of blinking
 K - 10 scrolls of teleportation
Potions
 d - 3 potions of might
 e - 6 potions of heal wounds
 l - a potion of cancellation
 n - 12 potions of curing
 s - 2 potions of agility
 F - 6 potions of invisibility
 G - 4 potions of lignification
 J - a potion of flight
 O - 3 potions of haste
 V - 3 potions of resistance
Miscellaneous
 f - a sack of spiders
 H - a lantern of shadows
 Y - a lamp of fire (inert)
Comestibles
 B - 2 chunks of flesh
 I - a slice of pizza
 Q - 6 bread rations


   Skills:
 + Level 15.6 Fighting
 + Level 18.5 Axes
 - Level 0.2(12.5) Maces & Flails
 + Level 3.5(3.7) Slings
   Level 2.5 Bows
 + Level 1.2(2.4) Throwing
 + Level 13.8 Armour
 + Level 11.6 Dodging
 + Level 2.9 Stealth
 + Level 14.5 Shields
 + Level 0.5 Evocations


You had 15 spell levels left.
You didn't know any spells.

Dungeon Overview and Level Annotations

Branches:
Dungeon (10/15)            Temple (0/1) D:6            Lair (8/8) D:10
  Swamp (0/4) Lair:6       Spider (4/4) Lair:6        Slime (0/6) Lair:7
    Orc: D:9-12

Altars:
Ashenzari
Cheibriados
Dithmenos
Elyvilon
Fedhas
Makhleb
Nemelex Xobeh
Okawaru
Qazlal
Ru
Sif Muna
Trog
Vehumet
Yredelemnul

Shops:
D:9 !


Innate Abilities, Weirdness & Mutations

You reflexively headbutt those who attack you in melee.
You have a pair of large horns on your head.
You possess an exceptional clarity of mind.


Message History

As you read the scroll of teleportation, it crumbles to dust.
You feel strangely unstable.
You feel sick. The spark wasp stings you!!
* * * LOW HITPOINT WARNING * * *
The spark wasp shocks you!
* * * LOW HITPOINT WARNING * * *
The emperor scorpion stings you but does no damage.
The emperor scorpion claws you but does no damage.
You block the emperor scorpion's attack.
You block the spark wasp's attack.
Drink which item? (? for menu, Esc to quit)
You feel much better.
You feel the effects of Trog's Hand fading.
You feel sick. The spark wasp barely misses you. You furiously retaliate!
You headbutt the spark wasp. The emperor scorpion barely misses you.
You block the emperor scorpion's attack.
The emperor scorpion closely misses you.
The spark wasp stings you!
* * * LOW HITPOINT WARNING * * *
The spark wasp shocks you!
You die...

##### #### ###≈..#
###≈≈#######.....#####
#...≈≈≈#.††).....≈≈≈≈###
#..≈≈≈≈..≈##≈.##^...≈≈######
##.##....###.≈##≈≈#≈..≈#≈≈≈####
###^...## #≈..#####≈...†≈≈≈≈^.
#≈..≈# ##..# #≈...≈##≈...
#≈..## #s@# ##≈≈^.≈####. #≈.≈##
#...##y..# ###^..##### #≈.≈##
#... y..# ##≈..≈## #... #...
...+ #≈≈...## #.≈≈ #### ####
####≈..†.# ≈.≈≈ ##### #####
#..≈≈≈†.^#
##≈.≈≈##.≈.###...###.†.
≈≈^...≈≈...≈.##.# ##^.
#.........^## ###†.


You could see an emperor scorpion, a spark wasp and a wasp.

Vanquished Creatures
  Aizul (Spider:4)
  2 ghost moths (Spider:4)
  An emperor scorpion (Spider:3)
  A spark wasp (Spider:4)
  A minotaur (Lab)
  5 entropy weavers (Spider:1)
  4 hydras
  A catoblepas (Lair:8)
  3 death yaks (Lair:8)
  A deep troll shaman (Lair:8)
  A lindwurm (Lair:8)
  2 orc knights (Bailey)
  16 orb spiders
  30 wolf spiders
  8 ugly things (Spider:3)
  A griffon (Lair:3)
  An oklob plant (Lair:7)
  3 hornets
  Joseph (D:7)
  2 elephants (Lair:8)
  4 moths of wrath
  8 black mambas
  10 spiny frogs
  2 torpor snails
  10 demonic crawlers
  14 komodo dragons
  3 fire drakes
  A troll (D:10)
  39 jumping spiders
  A polar bear (Lair:8)
  27 blink frogs
  3 boulder beetles
  97 redbacks
  33 yaks
  27 tarantellas
  A hungry ghost (D:10)
  Grum (D:8)
  3 basilisks
  The ghost of Tomstefer the Conjurer, an amateur NaCj (D:6)
  46 wolves
  8 hippogriffs
  5 vampire mosquitoes (Lair:6)
  9 water moccasins
  10 porcupines
  9 orc warriors
  An ice beast (D:7)
  2 sky beasts
  5 black bears
  A phantom (D:8)
  4 wasps
  4 necrophages (D:8)
  6 ogres
  5 centaurs
  15 crocodiles
  2 big kobolds
  2 gnoll sergeants
  15 giant frogs
  5 water moccasin zombies
  A wyvern skeleton (D:8)
  3 scorpions
  14 wights
  2 electric eels (Spider:4)
  5 crimson imps
  2 centaur zombies
  A giant frog zombie (D:4)
  A jelly (D:7)
  6 orc priests
  A centaur skeleton (D:5)
  5 hounds
  12 orc wizards
  Crazy Yiuf (D:3)
  8 iguanas
  Ijyb (D:3)
  A giant frog skeleton (D:4)
  Terence (D:3)
  5 worker ants
  25 sheep
  2 killer bee zombies
  A big kobold zombie (Ossuary)
  A hound skeleton (D:6)
  4 mummies
  3 worker ant zombies
  20 gnolls
  76 river rats
  14 adders
  2 shadow imps
  3 oozes
  8 adder zombies
  2 worms
  5 giant geckos
  34 orcs
  4 bats
  6 giant cockroaches
  8 goblins
  12 hobgoblins
  6 jackals (D:1)
  32 kobolds
  6 quokkas
  4 ball pythons
  A giant gecko zombie (D:5)
  7 giant newts
  3 gnoll zombies (Ossuary)
  5 hobgoblin zombies (Ossuary)
  2 jackal skeletons
  5 kobold zombies (Ossuary)
  4 orc zombies (Ossuary)
  17 rats
  9 fungi
  10 plants
935 creatures vanquished.

Vanquished Creatures (collateral kills)
  The ghost of YrmMerkstave the Unseen, a journeyman OpAs of Dithmenos (Lair:3)
  A spiny frog (Lair:3)
  A yak (Lair:6)
  3 vampire mosquitoes (Lair:6)
6 creatures vanquished.

Vanquished Creatures (others)
  A ghost moth (Spider:4)
  An orb spider (Spider:4)
  A redback (Spider:4)
  10 fungi
  2 plants
  A withered plant (D:8)
16 creatures vanquished.

Grand Total: 957 creatures vanquished

Notes
Turn   | Place    | Note
--------------------------------------------------------------
     0 | D:1      | Gagarin the Minotaur Fighter began the quest for the Orb.
     0 | D:1      | Reached XP level 1. HP: 19/19 MP: 0/0
   228 | D:1      | Reached XP level 2. HP: 27/27 MP: 1/1
   268 | D:1      | Reached skill level 4 in Armour
   717 | D:1      | Reached XP level 3. HP: 33/33 MP: 2/2
  1616 | D:2      | Reached XP level 4. HP: 40/40 MP: 3/3
  1697 | D:2      | HP: 1/40 [gnoll/halberd (13)]
  1709 | D:2      | Reached skill level 5 in Armour
  1912 | D:2      | Found a blossoming altar of Fedhas.
  1918 | D:2      | Found a snail-covered altar of Cheibriados.
  1919 | D:2      | Found a sacrificial altar of Ru.
  1920 | D:2      | Found a shattered altar of Ashenzari.
  1920 | D:2      | Found a stormy altar of Qazlal.
  1920 | D:2      | Found a bloodstained altar of Trog.
  1922 | D:2      | Found a basalt altar of Yredelemnul.
  1923 | D:2      | Found a shadowy altar of Dithmenos.
  1924 | D:2      | Found a deep blue altar of Sif Muna.
  1925 | D:2      | Found a white marble altar of Elyvilon.
  1935 | D:2      | Became a worshipper of Trog the Wrathful
  2000 | D:2      | Found a sparkling altar of Nemelex Xobeh.
  2344 | D:3      | Noticed Terence
  2353 | D:3      | Killed Terence
  2353 | D:3      | Reached XP level 5. HP: 44/47 MP: 4/4
  2511 | D:3      | Reached skill level 1 in Dodging
  2635 | D:3      | Noticed Crazy Yiuf
  2640 | D:3      | Killed Crazy Yiuf
  2696 | D:3      | Reached * piety under Trog
  2721 | D:3      | Reached XP level 6. HP: 53/53 MP: 5/5
  2741 | D:3      | Noticed Ijyb
  2761 | D:3      | Killed Ijyb
  3123 | D:4      | Reached skill level 5 in Shields
  3440 | D:4      | Reached skill level 5 in Fighting
  3440 | D:4      | Reached skill level 6 in Armour
  3489 | D:4      | Found a sand-covered staircase.
  3496 | Ossuary  | Entered an ossuary
  3527 | Ossuary  | Reached XP level 7. HP: 54/61 MP: 6/6
  3704 | Ossuary  | Reached skill level 5 in Axes
  4457 | D:5      | Entered Level 5 of the Dungeon
  4474 | D:5      | Found a sparkling altar of Nemelex Xobeh.
  4494 | D:5      | Reached XP level 8. HP: 55/70 MP: 7/7
  4550 | D:5      | Found a radiant altar of Vehumet.
  4701 | D:5      | Found a sparkling altar of Nemelex Xobeh.
  4707 | D:5      | Reached skill level 7 in Armour
  5137 | D:5      | Reached ** piety under Trog
  5228 | D:5      | Found a shadowy altar of Dithmenos.
  5542 | D:6      | Noticed Tomstefer's ghost (amateur NaCj)
  5552 | D:6      | Killed Tomstefer's ghost
  5642 | D:6      | Reached skill level 5 in Dodging
  5754 | D:6      | Found a staircase to the Ecumenical Temple.
  5788 | D:6      | Reached XP level 9. HP: 78/78 MP: 8/8
  6004 | D:6      | Found an iron altar of Okawaru.
  6169 | D:7      | Reached *** piety under Trog
  6404 | D:7      | Noticed Joseph
  6424 | D:7      | Killed Joseph
  6424 | D:7      | Reached skill level 8 in Axes
  7121 | D:8      | Reached skill level 1 in Stealth
  7124 | D:8      | Noticed Grum
  7128 | D:8      | Reached skill level 9 in Axes
  7186 | D:8      | Killed Grum
  7187 | D:8      | Reached XP level 10. HP: 69/90 MP: 9/9
  7854 | D:8      | Found a burning altar of Makhleb.
  7904 | D:8      | Reached **** piety under Trog
  8740 | D:9      | Found a flagged portal.
  8755 | Bailey   | Entered a bailey
  8761 | Bailey   | Noticed an orc knight
  8792 | Bailey   | Noticed an orc knight
  8885 | Bailey   | Reached skill level 10 in Axes
  8886 | Bailey   | Reached skill level 1 in Bows
  8905 | Bailey   | Killed an orc knight
  8979 | Bailey   | Killed an orc knight
  9431 | D:9      | Got a shimmering chain mail
  9432 | D:9      | Identified the +6 chain mail of Ymmeul {+Blink Regen+ Int-3} (You found it on level 9 of the Dungeon)
  9548 | D:9      | Reached XP level 11. HP: 99/99 MP: 10/10
  9624 | D:9      | Found Uchodgh's Distillery.
  9656 | D:9      | Bought a potion of haste for 110 gold pieces
  9656 | D:9      | Bought a potion of heal wounds for 55 gold pieces
  9656 | D:9      | Bought a potion of cancellation for 88 gold pieces
  9656 | D:9      | Bought 2 potions of flight for 66 gold pieces
  9677 | D:9      | Reached ***** piety under Trog
  9938 | D:10     | Entered Level 10 of the Dungeon
 10293 | D:10     | Found a staircase to the Lair.
 10705 | Lair:1   | Entered Level 1 of the Lair of Beasts
 10711 | Lair:1   | Reached skill level 10 in Fighting
 10773 | Lair:1   | Reached skill level 10 in Shields
 10773 | Lair:1   | Reached skill level 11 in Axes
 10794 | Lair:1   | Gained mutation: You have a pair of large horns on your head. [potion of beneficial mutation]
 10825 | Lair:1   | Gained mutation: You possess an exceptional clarity of mind. [potion of beneficial mutation]
 11381 | Lair:1   | Received a gift from Trog
 12349 | Lair:3   | Noticed a four-headed hydra
 12696 | Lair:3   | Noticed a griffon
 12702 | Lair:3   | Killed a griffon
 12702 | Lair:3   | Reached skill level 12 in Axes
 12719 | Lair:3   | Reached XP level 12. HP: 108/108 MP: 11/11
 12876 | Lair:3   | Killed a four-headed hydra
 13106 | Lair:3   | Noticed YrmMerkstave's ghost (journeyman OpAs)
 13214 | Lair:3   | Killed YrmMerkstave's ghost
 13490 | Lair:4   | Noticed a seven-headed hydra
 13505 | Lair:4   | Killed a seven-headed hydra
 13515 | Lair:4   | Reached skill level 10 in Armour
 13688 | Lair:4   | Received a gift from Trog
 14061 | Lair:5   | Reached skill level 13 in Axes
 14820 | Lair:6   | Got a jewelled ring mail
 14821 | Lair:6   | Identified the +5 ring mail "Voxabati" {rC+ rCorr Dex+4 SInv} (You found it on level 6 of the Lair of Beasts)
 14860 | Lair:6   | Reached XP level 13. HP: 104/117 MP: 12/12
 14937 | Lair:6   | Found a hole to the Spider Nest.
 15160 | Lair:6   | Found a staircase to the Swamp.
 15232 | Lair:6   | Reached skill level 14 in Axes
 15289 | Lair:6   | Reached skill level 10 in Dodging
 15738 | Lair:4   | You fall through a shaft for 2 floors!
 15784 | Lair:7   | Received a gift from Trog
 15789 | Lair:7   | Got a bloodstained lajatang {god gift}
 15867 | Lair:7   | Found a labyrinth entrance.
 15885 | Lab      | Entered a labyrinth
 15973 | Lab      | Noticed a minotaur
 15980 | Lab      | Killed a minotaur
 15982 | Lab      | Got a vibrating tin ring
 16054 | Lair:7   | Identified the ring "Ysien" {+Fly rC+ SInv Stlth-} (You took it off a minotaur in a labyrinth)
 16263 | Lair:2   | Identified the +8 lajatang of Ragnarok {flame, rC+ Str+4} (Trog gifted it to you on level 7 of the Lair of Beasts)
 16270 | Lair:2   | Identified a +8 rod of shadows (9/9) (You found it in a labyrinth)
 16946 | Lair:7   | Found a staircase to the Slime Pits.
 17311 | Lair:8   | Entered Level 8 of the Lair of Beasts
 17410 | Lair:8   | Received a gift from Trog
 17457 | Lair:8   | Reached skill level 15 in Axes
 18037 | Lair:8   | Reached XP level 14. HP: 115/129 MP: 13/13
 18039 | Lair:8   | Reached ****** piety under Trog
 18064 | Lair:8   | Received a gift from Trog
 18766 | Lair:8   | Identified the Collected Works on Combat Magic
 18776 | Lair:8   | Got a bound bronze ring
 18778 | Lair:8   | Identified the ring "Duqiffai" {rPois rC+} (You found it on level 8 of the Lair of Beasts)
 19172 | Spider:1 | Entered Level 1 of the Spider Nest
 19594 | Spider:1 | Reached skill level 16 in Axes
 19647 | Spider:1 | Received a gift from Trog
 19853 | Spider:1 | Reached skill level 1 in Throwing
 21233 | Spider:2 | Received a gift from Trog
 21710 | Spider:3 | Reached skill level 1 in Slings
 21710 | Spider:3 | Reached XP level 15. HP: 127/138 MP: 4/14
 21909 | Spider:3 | Received a gift from Trog
 22034 | Spider:3 | Reached skill level 17 in Axes
 23005 | Spider:3 | Reached skill level 15 in Fighting
 23072 | Spider:4 | Entered Level 4 of the Spider Nest
 23211 | Spider:4 | Found a frozen archway.
 23235 | Spider:3 | Received a gift from Trog
 23432 | Spider:3 | Reached skill level 18 in Axes
 23465 | Spider:4 | Noticed a ghost moth
 23604 | Spider:4 | Killed a ghost moth
 23688 | Spider:4 | HP: 3/141 [disintegration (33)]
 24318 | Spider:4 | Noticed a ghost moth
 24328 | Spider:4 | Killed a ghost moth
 24328 | Spider:4 | Reached XP level 16. HP: 124/149 MP: 0/15
 24353 | Spider:4 | Noticed Aizul
 24370 | Spider:4 | Killed Aizul
 24451 | Spider:4 | Received a gift from Trog
 24545 | Spider:4 | HP: 3/150 [spark wasp (16)]
 24546 | Spider:4 | Slain by a spark wasp

Vault maps used:
D:1:      dpeg_cavernosity, lexackson_kobold_supper
D:2:      minitemple, serial_glass, glass_columns_c, glass_columns_a,
          glass_columns_b, glass_columns_c, glass_columns_a,
          nemelex_spade_bored_becter
D:3:      first_bread, columned_hall_lemuel, uniq_terence, uniq_iyjb,
          uniq_crazy_yiuf_cottage
D:4:      wad_crossroads, chequers_ossuary_entry_cave
D:5:      kennysheep_little_box, lemuel_round_altar, basic_altar,
          grunt_dithmenos_smoke
D:6:      okawaru_trees_1, minmay_temple_entry_statues_pillars
D:7:      uniq_joseph
D:8:      lightli_temple_of_fire, serial_undead, serial_undead_d,
          serial_undead_f, serial_undead_e, serial_undead_a, serial_undead_e,
          serial_undead_f, serial_undead_c, serial_undead_a, serial_undead_f,
          serial_undead_c, uniq_grum
D:9:      enter_bailey_1, serial_shops, nicolae_shop_crystal
D:10:     david_lair_shrubbed
Lair:1:   infiniplex_staircase_pool_2
Lair:4:   grunt_megastairs_1, serial_bayou_shore_b
Lair:6:   minmay_swamp_entry_swarm, spider_nest_entry_a,
          eino_small_chamber_without_monster
Lair:7:   minmay_slime_entry_oklob_enclosed, lab_entry_generic,
          lemuel_fruit_fields
Lair:8:   grunt_lair_end_beastmaster, bh_autumn_forest_stairs, lemuel_fruit_tree
Spider:1: lemuel_spider_zombies
Spider:3: nicolae_spider_mines_3, spider_trap,
          hangedman_spider_tarantella_strand
Spider:4: spider_rune_water, portal_ice_cave_entry_ugly_swarm, uniq_aizul
Lab:      labyrinth_mini_lab, lab_block, nicolae_lab_t_cross,
          nicolae_lab_very_dead_end, nicolae_lab_big_swirl, nicolae_lab_statue,
          lab_hedge
Ossuary:  ossuary_tomb_2
Bailey:   bailey_axe_4, bailey

Action                   |  1- 3 |  4- 6 |  7- 9 | 10-12 | 13-15 | 16-18 || total
-------------------------+-------+-------+-------+-------+-------+-------++-------
Melee: War axe           |   100 |   148 |   241 |   368 |       |       ||   857
       Mace              |       |       |    59 |       |       |       ||    59
       Broad axe         |       |       |       |   313 |   539 |    81 ||   933
       Flail             |       |       |       |    16 |    11 |       ||    27
       Executioner's axe |       |       |       |       |   406 |       ||   406
 Fire: Shortbow          |       |       |       |    26 |       |       ||    26
       Greatsling        |       |       |       |       |    18 |       ||    18
       Hunting sling     |       |       |       |       |    50 |       ||    50
Throw: Throwing net      |       |     2 |       |       |       |       ||     2
       Tomahawk          |       |       |       |       |    10 |       ||    10
Invok: Berserk           |       |     1 |    10 |    13 |    18 |     2 ||    44
       Burn Spellbooks   |       |       |       |     1 |     5 |       ||     6
       Brothers in Arms  |       |       |       |     1 |     1 |       ||     2
       Trog's Hand       |       |       |       |       |     4 |     1 ||     5
 Abil: Evoke Flight      |       |       |       |       |     1 |       ||     1
Evoke: Wand              |       |     1 |       |       |       |     1 ||     2
       Lamp of fire      |       |       |       |     1 |       |     1 ||     2
  Use: Potion            |       |     1 |     5 |     7 |     3 |     1 ||    17
       Scroll            |       |     8 |     2 |     7 |    13 |     1 ||    31
 Stab: Distracted        |       |       |       |       |     1 |       ||     1
       Petrified         |       |       |       |       |     1 |       ||     1
  Eat: Chunk             |     2 |     7 |    18 |    37 |    33 |     2 ||    99
       Pizza             |       |       |     1 |       |     2 |       ||     3
       Beef jerky        |       |       |     1 |     1 |       |       ||     2
       Fruit             |       |       |     1 |     2 |       |       ||     3
       Meat ration       |       |       |       |       |     3 |       ||     3
